 Dungeon Crawl Stone Soup version 0.30-a0-799-g109b55a442 (webtiles) character file.

Game seed: 4653287405381380953

231 octoduck the Shooter (level 6, -2/50 HPs)
             Began as a Hill Orc Hunter on Feb 21, 2023.
             Slain by a lemure (5 damage)
             ... led by Pikel
             ... on level 3 of the Dungeon.
             The game lasted 00:18:26 (5735 turns).

octoduck the Shooter (Hill Orc Hunter)              Turns: 5735, Time: 00:18:26

Health: -2/50      AC:  7    Str: 14    XL:     6   Next: 3%
Magic:  6/6        EV: 11    Int:  9    God:
Gold:   159        SH:  0    Dex: 16    Spells: 5/5 levels left

rFire   + + .      SeeInvis .    b - +2 dagger (vamp)
rCold   . . .      Faith    .    (no shield)
rNeg    . . .      Spirit   .    l - +3 leather armour {rF+}
rPois   .          Reflect  .    s - +0 helmet
rElec   .          Harm     .    (no cloak)
rCorr   +          Rampage  .    (no gloves)
Will    .....                    (no boots)
Stlth   ++                       f - amulet of magic regeneration
HPRegen 0.28/turn                t - ring of protection from fire
MPRegen 0.50/turn                e - ring of resist corrosion

@: no status effects
A: no striking features
a: no special abilities


You were on level 3 of the Dungeon.
You visited 1 branch of the dungeon, and saw 4 of its levels.

You collected 159 gold pieces.

Inventory:

Hand Weapons
 a - a +0 shortbow
 b - a +2 vampiric dagger (weapon)
Armour
 l - a +3 leather armour of fire resistance (worn)
 n - a +0 buckler
 s - a +0 helmet (worn)
 v - a +0 chain mail
Jewellery
 c - an amulet of faith
 e - a ring of resist corrosion (right hand)
 f - an amulet of magic regeneration (around neck)
 m - a ring of flight
 t - a ring of protection from fire (left hand)
Scrolls
 d - 2 scrolls of immolation
 h - a scroll of enchant armour
 i - a scroll of fog {unknown}
 u - a scroll of teleportation
Potions
 g - a potion of brilliance
 j - a potion of attraction {unknown}
 k - a potion of resistance {unknown}
 o - a potion of haste {unknown}
 p - 3 potions of degeneration {unknown}
 q - a potion of might {unknown}


   Skills:
 - Level 2.9 Fighting
 * Level 5.8 Ranged Weapons
 - Level 1.5 Dodging
 + Level 2.2 Stealth


You had 5 spell levels left.
You didn't know any spells.
Your spell library contained the following spells:

 Spells                   Type           Power      Damage    Failure   Level
 Shock                    Conj/Air       0%         1d3       45%         1
 Summon Guardian Golem    Hex/Summ       0%         N/A       83%         3
 Swiftness                Air            0%         N/A       83%         3
 Airstrike                Air            0%         2d(0-16)  99%         4
 Orb of Destruction       Conj           0%         9d5       100%        7
 Spellforged Servitor     Conj/Summ      0%         N/A       100%        7


Dungeon Overview and Level Annotations

Branches:
Dungeon (4/15)
 Temple: D:4-7

Altars:

Annotations:
D:3 Grinder, Pikel
D:4 Sigmund


Message History

You hit the lemure.
The lemure is almost dead.
The lemure barely misses you.
You hit the lemure but do no damage.
The lemure is almost dead.
The lemure hits you.
* * * LOW HITPOINT WARNING * * *
You barely miss the lemure.
The lemure is almost dead.
The lemure hits you.
* * * LOW HITPOINT WARNING * * *
You hit the lemure but do no damage.
The lemure is almost dead.
The lemure hits you.
* * * LOW HITPOINT WARNING * * *
You miss the lemure.
The lemure is almost dead.
The lemure hits you.
* * * LOW HITPOINT WARNING * * *
You aren't carrying any items that you can evoke.
Okay, then.
Okay, then.
You closely miss the lemure.
The lemure is almost dead.
The lemure barely misses you.
You hit the lemure but do no damage.
The lemure is almost dead.
The lemure hits you.
* * * LOW HITPOINT WARNING * * *
Okay, then.
You hit the lemure.
The lemure is almost dead.
The lemure hits you but does no damage.
You closely miss the lemure.
The lemure is almost dead.
The lemure hits you but does no damage.
You closely miss the lemure.
The lemure is almost dead.
The lemure hits you.
You die...

.###.#.......# #...#
..##.###...###
####.##
..##.#.......#
#....#
..##.#.......#
#.####
#.##.#.......# #.#
.....#.......# #.#
#.####.......# #.#
#.# #.......# #.#
#.# #.......# #@###
#.############ #.5.#
.....# ###.# ####.##
#.# ......###### #.#
#..........#######.#
##.#..####..<......#
......# ###########
.####.#


You could see a lemure.

Vanquished Creatures
  2 lemures
  Natasha (D:2)
  An orc wizard (D:4)
  5 adders
  4 gnolls (D:3)
  2 worms (D:2)
  2 dart slugs
  4 orcs (D:4)
  5 bats
  8 endoplasms
  3 giant cockroaches
  6 goblins
  13 hobgoblins
  7 jackals
  5 kobolds
  2 quokkas
  5 ball pythons
  A frilled lizard (D:2)
  2 rats
78 creatures vanquished.

Notes
Turn   | Place    | Note
-------+----------+-------------------------------------------
     0 | D:1      | octoduck the Hill Orc Hunter began the quest for the Orb.
     0 | D:1      | Reached XP level 1. HP: 18/18 MP: 1/1
   266 | D:1      | Reached skill level 4 in Ranged Weapons
   266 | D:1      | Reached XP level 2. HP: 25/25 MP: 2/2
  1342 | D:2      | Reached XP level 3. HP: 30/30 MP: 3/3
  1994 | D:2      | Noticed Natasha
  2429 | D:2      | Reached XP level 4. HP: 37/37 MP: 4/4
  3014 | D:3      | Reached skill level 1 in Stealth
  3488 | D:3      | Reached skill level 5 in Ranged Weapons
  3513 | D:3      | Noticed Grinder
  3740 | D:2      | Killed Natasha
  3972 | D:4      | Noticed Pikel
  3972 | D:4      | Noticed a lemure
  3972 | D:4      | Noticed a lemure
  3972 | D:4      | Noticed a lemure
  3972 | D:4      | Noticed a lemure
  4113 | D:3      | Reached XP level 5. HP: 37/44 MP: 5/5
  4895 | D:4      | Killed a lemure
  4999 | D:4      | Noticed Sigmund
  5218 | D:3      | Killed a lemure
  5538 | D:3      | Reached XP level 6. HP: 47/50 MP: 6/6
  5731 | D:3      | HP: 2/50 [lemure[Pikel] (6)]
  5735 | D:3      | Slain by a lemure

Illustrated notes

Levels and vault maps discovered:
D:1:      dpeg_arrival_radiant, layout_basic
D:2:      layout_loops_ring, uniq_natasha
D:3:      layout_loops_cross, uniq_grinder
D:4:      layout_basic, uniq_ijyb, uniq_crazy_yiuf_cottage, uniq_sigmund,
          uniq_pikel

Skill      XL: |  1  2  3  4  5 |
---------------+----------------+-----
Ranged Weapons | 4 5 |  5.8
Stealth        | 1 2 |  2.2
Fighting       | |  2.9
Dodging        | |  1.5

Action                     |  1- 3 |  4- 6 || total
---------------------------+-------+-------++-------
  Melee: Mace              |     4 |       ||     4
         Dagger            |    78 |   200 ||   278
         Punch             |       |     2 ||     2
   Fire: Shortbow          |    77 |    81 ||   158
  Evoke: Wand              |       |     9 ||     9
    Use: Scroll            |     7 |     2 ||     9
         Potion            |     1 |       ||     1
 Armour: Leather armour    |    36 |    61 ||    97
  Dodge: Dodged            |    43 |   117 ||   160

Table legend: (Time is in decaauts)
 A = Elapsed time spent in this place.
 B = Non-inter-level travel time spent in this place.
 C = Inter-level travel time spent in this place.
 D = Time resting spent in this place.
 E = Time spent auto-exploring this place.
 F = Levels seen in this place.
 G = Mean time per level.
                   A        B        C        D        E       F      G
               +--------+--------+--------+--------+--------+-----+--------+
         Total |   5756 |   5062 |    694 |   1486 |   1536 |   4 | 1439.0 |
       Dungeon |   5756 |   5062 |    694 |   1486 |   1536 |   4 | 1439.0 |
               +--------+--------+--------+--------+--------+-----+--------+

Top non-repeatable levels by time:
     D:3: 1964 daAuts
     D:2: 1795 daAuts
     D:1: 1461 daAuts
     D:4: 534 daAuts
